| TOP OF THE 1ST |
|
San Jose Bees batting - Pitching for Stockton Ports : LHP Juan Corrales
|
|
Pitching: LHP Juan Corrales
|
|
|
Batting: RHB Anthony Laurenzi
|
0-0: Called Strike 0-1: SINGLE (Flyball, 5D, EV 95.6 MPH)
|
|
Batting: RHB Ron MacDonald
|
0-0: Called Strike 0-1: Called Strike 0-2: Ball 1-2: Ball 2-2: Strikes out looking
|
|
Batting: LHB Stanley Davis
|
0-0: Ball 1-0: Foul Ball, location: 2F 1-1: Fly out, F7 (Flyball, 7, EV 88.1 MPH)
|
|
Batting: RHB Tony Evans
|
0-0: Ball 1-0: Called Strike 1-1: Ball 2-1: Foul Ball, location: 2F 2-2: Ball 3-2: Ground out 6-3 (Groundball, 56, EV 83.1 MPH)
|
| Top of the 1st over - 0 runs, 1 hit, 0 errors, 1 left on base; San Jose 0 - Stockton 0 |
| BOTTOM OF THE 1ST |
|
Stockton Ports batting - Pitching for San Jose Bees : RHP Doug Drabek
|
|
Pitching: RHP Doug Drabek
|
|
|
Batting: RHB Ramon Valdez
|
0-0: Ball 1-0: Ball 2-0: Ground out 5-3 (Groundball, 5S, EV 63.1 MPH)
|
|
Batting: RHB Pasquale Raimondo
|
0-0: Ball 1-0: Foul Ball, location: 2F 1-1: Called Strike 1-2: Strikes out looking
|
|
Batting: LHB Christopher O'Brien
|
0-0: Ball 1-0: Ground out 4-3 (Groundball, 4, EV 96.9 MPH)
|
| Bottom of the 1st over - 0 runs, 0 hits, 0 errors, 0 left on base; San Jose 0 - Stockton 0 |
| TOP OF THE 2ND |
|
San Jose Bees batting - Pitching for Stockton Ports : LHP Juan Corrales
|
|
Batting: RHB Ray Torres
|
0-0: Swinging Strike 0-1: Ground out 5-3 (Groundball, 56S, EV 87.5 MPH)
|
|
Batting: RHB Ricky McMullen
|
0-0: Fly out, F8 (Flyball, 8LXD, EV 86.9 MPH)
|
|
Batting: RHB Timothy Wallace
|
0-0: Ball 1-0: Called Strike 1-1: Called Strike 1-2: Foul Ball, location: 2F 1-2: Strikes out looking
|
| Top of the 2nd over - 0 runs, 0 hits, 0 errors, 0 left on base; San Jose 0 - Stockton 0 |
| BOTTOM OF THE 2ND |
|
Stockton Ports batting - Pitching for San Jose Bees : RHP Doug Drabek
|
|
Batting: SHB Jose Mercado
|
0-0: Called Strike 0-1: Ball 1-1: Foul Ball, location: 2F 1-2: Ball 2-2: SINGLE (Line Drive, 78M, EV 92.5 MPH)
|
|
Batting: RHB Chris Sabo
|
0-0: Ball 1-0: Called Strike 1-1: Swinging Strike 1-2: Foul Ball, location: 2F 1-2: Strikes out swinging
|
|
Batting: LHB Mike Ashman
|
0-0: Ball 1-0: Fielders Choice at 2nd, 3-6 (Groundball, 3, EV 76.3 MPH)
|
|
Batting: SHB Mike Hennessy
|
0-0: Ball 1-0: Called Strike 1-1: SINGLE (Flyball, 34D, EV 89.4 MPH) Mike Ashman to second Runner from 2nd tries for 3rd, OUT! 9-5
|
| Bottom of the 2nd over - 0 runs, 2 hits, 0 errors, 1 left on base; San Jose 0 - Stockton 0 |
| TOP OF THE 3RD |
|
San Jose Bees batting - Pitching for Stockton Ports : LHP Juan Corrales
|
|
Batting: LHB Dale Weaver
|
0-0: Ball 1-0: Ball 2-0: Fly out, F7 (Flyball, 7LS, EV 91.3 MPH)
|
|
Batting: RHB Bill Pinkham
|
0-0: Ball 1-0: Called Strike 1-1: Swinging Strike 1-2: Strikes out swinging
|
|
Batting: RHB Anthony Laurenzi
|
0-0: Called Strike 0-1: Foul Ball, location: 2F 0-2: Ball 1-2: Strikes out swinging
|
| Top of the 3rd over - 0 runs, 0 hits, 0 errors, 0 left on base; San Jose 0 - Stockton 0 |
| BOTTOM OF THE 3RD |
|
Stockton Ports batting - Pitching for San Jose Bees : RHP Doug Drabek
|
|
Batting: LHB Daniel Hoskins
|
0-0: Ball 1-0: Foul Ball, location: 2F 1-1: Ball 2-1: Foul Ball, location: 2F 2-2: Ground out 6-3 (Groundball, 6, EV 86.9 MPH)
|
|
Batting: RHB Timothy Presko
|
0-0: SINGLE (Line Drive, 8LM, EV 91.9 MPH)
|
|
Batting: RHB Ramon Valdez
|
0-0: Called Strike 0-1: Swinging Strike 0-2: Grounds into double play, 4-6-3 (Groundball, 4MD, EV 102.5 MPH)
|
| Bottom of the 3rd over - 0 runs, 1 hit, 0 errors, 0 left on base; San Jose 0 - Stockton 0 |
| TOP OF THE 4TH |
|
San Jose Bees batting - Pitching for Stockton Ports : LHP Juan Corrales
|
|
Batting: RHB Ron MacDonald
|
0-0: Ball 1-0: Called Strike 1-1: Fly out, F8 (Flyball, 8LS, EV 95.0 MPH)
|
|
Batting: LHB Stanley Davis
|
0-0: Ball 1-0: Foul Ball, location: 2F 1-1: Called Strike 1-2: SINGLE (Line Drive, 78M, EV 93.1 MPH)
|
|
Batting: RHB Tony Evans
|
0-0: Ball 1-0: Fielders Choice at 2nd, 6-4 (Groundball, 6, EV 90.0 MPH)
|
|
Batting: RHB Ray Torres
|
0-0: Ground out 4-3 (Groundball, 4, EV 80.6 MPH)
|
| Top of the 4th over - 0 runs, 1 hit, 0 errors, 1 left on base; San Jose 0 - Stockton 0 |
| BOTTOM OF THE 4TH |
|
Stockton Ports batting - Pitching for San Jose Bees : RHP Doug Drabek
|
|
Batting: RHB Pasquale Raimondo
|
0-0: Ball 1-0: Ball 2-0: Swinging Strike 2-1: Ball 3-1: Base on Balls
|
|
Batting: LHB Christopher O'Brien
|
0-0: Ball 1-0: Called Strike 1-1: Grounds into double play, 4-6-3 (Groundball, 4, EV 103.8 MPH)
|
|
Batting: SHB Jose Mercado
|
0-0: SINGLE (Line Drive, 3D, EV 103.1 MPH)
|
|
Batting: RHB Chris Sabo
|
0-0: DOUBLE (Line Drive, 8LD, EV 111.9 MPH) Jose Mercado to third Runner from 3rd tries for Home, SAFE, throw by CF to trailing runner, OUT at third! 8-3-5
|
| Bottom of the 4th over - 1 run, 2 hits, 0 errors, 0 left on base; San Jose 0 - Stockton 1 |
| TOP OF THE 5TH |
|
San Jose Bees batting - Pitching for Stockton Ports : LHP Juan Corrales
|
|
Batting: RHB Ricky McMullen
|
0-0: Ball 1-0: Ball 2-0: Ball 3-0: Called Strike 3-1: Called Strike 3-2: Foul Ball, location: 2F 3-2: Ground out 6-3 (Groundball, 6, EV 108.8 MPH)
|
|
Batting: RHB Timothy Wallace
|
0-0: Called Strike 0-1: Ball 1-1: Ball 2-1: SINGLE (Groundball, 25, EV 65.6 MPH) (infield hit)
|
|
Batting: LHB Dale Weaver
|
0-0: Called Strike Timothy Wallace is caught stealing 2nd base 2-6 0-1: Swinging Strike 0-2: Ball 1-2: Ball 2-2: Ground out 6-3 (Groundball, 6, EV 92.5 MPH)
|
| Top of the 5th over - 0 runs, 1 hit, 0 errors, 0 left on base; San Jose 0 - Stockton 1 |
| BOTTOM OF THE 5TH |
|
Stockton Ports batting - Pitching for San Jose Bees : RHP Doug Drabek
|
|
Batting: LHB Mike Ashman
|
0-0: Ball 1-0: Ball 2-0: Called Strike 2-1: Called Strike 2-2: Ground out 6-3 (Groundball, 4M, EV 86.9 MPH)
|
|
Batting: SHB Mike Hennessy
|
0-0: Foul Ball, location: 2F 0-1: Called Strike 0-2: Ground out 4-3 (Groundball, 4M, EV 81.9 MPH)
|
|
Batting: LHB Daniel Hoskins
|
0-0: Ball 1-0: Ball 2-0: Ball 3-0: Base on Balls
|
|
Batting: RHB Timothy Presko
|
0-0: DOUBLE (Line Drive, 8RD, EV 111.3 MPH) Daniel Hoskins to third Runner from 3rd tries for Home, SAFE, no throw by CF
|
|
Batting: RHB Ramon Valdez
|
0-0: Ball 1-0: Ball 2-0: Foul Ball, location: 2F 2-1: Foul Ball, location: 2F 2-2: Ball 3-2: Base on Balls
|
|
Batting: RHB Pasquale Raimondo
|
0-0: Foul Ball, location: 2F 0-1: Ball 1-1: Ball 2-1: Swinging Strike 2-2: Ball 3-2: Foul Ball, location: 2F 3-2: Strikes out looking
|
| Bottom of the 5th over - 1 run, 1 hit, 0 errors, 2 left on base; San Jose 0 - Stockton 2 |
| TOP OF THE 6TH |
|
San Jose Bees batting - Pitching for Stockton Ports : LHP Juan Corrales
|
|
Batting: RHB Bill Pinkham
|
0-0: Ground out 6-3 (Groundball, 56, EV 104.4 MPH)
|
|
Batting: RHB Anthony Laurenzi
|
0-0: Ball 1-0: Ball 2-0: Ball 3-0: Base on Balls
|
|
Batting: RHB Ron MacDonald
|
0-0: Ball 1-0: Ball 2-0: Fly out, F8 (Flyball, 8RS, EV 78.8 MPH)
|
|
Batting: LHB Stanley Davis
|
0-0: SINGLE (Line Drive, 4D, EV 96.9 MPH) Anthony Laurenzi to second Runner from 2nd tries for 3rd, SAFE, no throw by CF
|
|
Batting: RHB Tony Evans
|
0-0: Ball 1-0: Ball 2-0: Ball 3-0: Called Strike 3-1: Base on Balls Stanley Davis to second
|
|
Batting: RHB Ray Torres
|
0-0: Called Strike 0-1: Ball 1-1: Called Strike 1-2: Ball 2-2: Ball 3-2: Base on Balls Anthony Laurenzi scores Stanley Davis to third Tony Evans to second
|
|
Batting: RHB Ricky McMullen
|
0-0: Ball 1-0: Ball 2-0: Called Strike 2-1: Ball 3-1: Base on Balls Stanley Davis scores Tony Evans to third Ray Torres to second
|
|
Batting: RHB Timothy Wallace
|
0-0: Ball 1-0: Ball 2-0: Fly out, F6 (Popup, 6D, EV 45.6 MPH)
|
| Top of the 6th over - 2 runs, 1 hit, 0 errors, 3 left on base; San Jose 2 - Stockton 2 |
| BOTTOM OF THE 6TH |
|
Stockton Ports batting - Pitching for San Jose Bees : RHP Doug Drabek
|
|
Batting: LHB Christopher O'Brien
|
0-0: Ball 1-0: Ball 2-0: Ball 3-0: Base on Balls
|
|
Batting: SHB Jose Mercado
|
0-0: Ball 1-0: Ball 2-0: Called Strike 2-1: SINGLE (Line Drive, 8LS, EV 108.8 MPH) Christopher O'Brien to second
|
|
Batting: RHB Chris Sabo
|
0-0: Ball 1-0: Ball 2-0: Foul Ball, location: 2F 2-1: Swinging Strike 2-2: Fielders Choice at 2nd, 4-6 (Groundball, 4, EV 81.9 MPH) Christopher O'Brien to third
|
|
Batting: LHB Mike Ashman
|
0-0: Ball 1-0: Fly out, F8 (Flyball, 8RXD, EV 110.6 MPH) Runner from 3rd tags up, SCORES, no throw by CF
|
|
Batting: SHB Mike Hennessy
|
0-0: Foul Ball, location: 2F 0-1: Ball 1-1: Ball 2-1: Ball 3-1: Ground out U3 (Groundball, 3, EV 79.4 MPH)
|
| Bottom of the 6th over - 1 run, 1 hit, 0 errors, 1 left on base; San Jose 2 - Stockton 3 |
| TOP OF THE 7TH |
|
San Jose Bees batting - Pitching for Stockton Ports : LHP Juan Corrales
|
|
Batting: LHB Dale Weaver
|
0-0: Called Strike 0-1: Ground out U3 (Groundball, 34, EV 91.3 MPH)
|
|
Batting: RHB Bill Pinkham
|
0-0: Ground out 6-3 (Groundball, 6, EV 90.6 MPH)
|
|
Batting: RHB Anthony Laurenzi
|
0-0: SINGLE (Groundball, 6MD, EV 102.5 MPH)
|
|
Pinch Hitting: RHB Michael Parker
|
0-0: Called Strike 0-1: Ball 1-1: Ball 2-1: Ball 3-1: Base on Balls Anthony Laurenzi to second
|
|
Batting: LHB Stanley Davis
|
0-0: Fielders Choice at 2nd, U6 (Groundball, 6M, EV 76.3 MPH)
|
| Top of the 7th over - 0 runs, 1 hit, 0 errors, 2 left on base; San Jose 2 - Stockton 3 |
| BOTTOM OF THE 7TH |
|
Stockton Ports batting - Pitching for San Jose Bees : RHP Doug Drabek
|
|
Now at 1B: Rod Booker
|
|
|
Batting: LHB Daniel Hoskins
|
0-0: Ground out 6-3 (Groundball, 56, EV 83.8 MPH)
|
|
Batting: RHB Timothy Presko
|
0-0: Ball 1-0: Fly out, F9 (Flyball, 9, EV 93.1 MPH)
|
|
Batting: RHB Ramon Valdez
|
0-0: Called Strike 0-1: Swinging Strike 0-2: Fly out, F7 (Line Drive, 7, EV 91.3 MPH)
|
| Bottom of the 7th over - 0 runs, 0 hits, 0 errors, 0 left on base; San Jose 2 - Stockton 3 |
| TOP OF THE 8TH |
|
San Jose Bees batting - Pitching for Stockton Ports : LHP Juan Corrales
|
|
Batting: RHB Tony Evans
|
0-0: Ball 1-0: Ball 2-0: Called Strike 2-1: Ball 3-1: Foul Ball, location: 2F 3-2: Foul Ball, location: 2F 3-2: Foul Ball, location: 2F 3-2: Base on Balls
|
|
Batting: RHB Ray Torres
|
0-0: Ball 1-0: Swinging Strike 1-1: Swinging Strike 1-2: Foul Ball, location: 2F 1-2: Fly out, F8 (Line Drive, 8LD, EV 93.1 MPH)
|
|
Now in CF: Eddie Lee
|
|
|
Batting: RHB Ricky McMullen
|
0-0: Called Strike 0-1: Ball 1-1: Ball 2-1: Swinging Strike 2-2: Ball 3-2: Foul Ball, location: 2F 3-2: Fly out, F9 (Flyball, 9D, EV 111.3 MPH)
|
|
Pitching: LHP Tom Funk
|
|
|
Batting: RHB Timothy Wallace
|
0-0: Foul Ball, location: 2F 0-1: Foul Ball, location: 2F 0-2: Ball 1-2: Foul Ball, location: 2F 1-2: Ball 2-2: Fly out, F9 (Flyball, 89S, EV 90.0 MPH)
|
| Top of the 8th over - 0 runs, 0 hits, 0 errors, 1 left on base; San Jose 2 - Stockton 3 |
| BOTTOM OF THE 8TH |
|
Stockton Ports batting - Pitching for San Jose Bees : RHP Doug Drabek
|
|
Batting: RHB Pasquale Raimondo
|
0-0: Fly out, F8 (Line Drive, 8LD, EV 96.3 MPH)
|
|
Batting: LHB Christopher O'Brien
|
0-0: Ball 1-0: Called Strike 1-1: Swinging Strike 1-2: Strikes out swinging
|
|
Batting: SHB Jose Mercado
|
0-0: Called Strike 0-1: Ball 1-1: Ball 2-1: Fly out, F7 (Flyball, 7D, EV 96.9 MPH)
|
| Bottom of the 8th over - 0 runs, 0 hits, 0 errors, 0 left on base; San Jose 2 - Stockton 3 |
| TOP OF THE 9TH |
|
San Jose Bees batting - Pitching for Stockton Ports : LHP Tom Funk
|
|
Now at 1B: Randy Guerra
|
|
|
Batting: LHB Dale Weaver
|
0-0: Called Strike 0-1: Reached on error, E7 (Flyball, 7, EV 76.9 MPH)
|
|
Batting: RHB Bill Pinkham
|
0-0: Ball 1-0: Foul Ball, location: 2F 1-1: Foul Ball, location: 2F 1-2: Ball 2-2: Ball 3-2: Fly out, F7 (Line Drive, 7, EV 99.4 MPH)
|
|
Batting: RHB Anthony Laurenzi
|
0-0: Called Strike 0-1: Fly out, F9 (Flyball, 9, EV 93.8 MPH)
|
|
Pinch Hitting: RHB David Hoyt
|
0-0: Called Strike 0-1: Ball 1-1: Foul Ball, location: 2F 1-2: Ball 2-2: Foul Ball, location: 2F 2-2: Strikes out swinging
|
| Top of the 9th over - 0 runs, 0 hits, 1 error, 1 left on base; San Jose 2 - Stockton 3 |
|